 BcadrenCrawl: Boulder Brew version 0.05.2 (webtiles) character file.

Game seed: 13050973302959080940, levelgen mode: deterministic

144 diana the Sneak (level 5, 22/22 HPs) Oozomorph Vine Stalker. Began on June 19, 2021. Quit the game on level 1 of the Dungeon. The game lasted 00:04:54 (1041 turns).

diana the Sneak (Oozomorph Vine Stalker)            Turns: 1041, Time: 00:04:54

Health: 22/22      AC:  0    Str: 14    XL:     5 ^: 174
Magic:  8/8        EV: 13    Int: 11    God:
Gold:   34         SH:  0    Dex: 13    Spells: 5/6 levels left

rFire    . . .     Vision   .     - Unarmed
rCold    . . .     Gourm    .     - Unarmed
rNeg     . . .     Faith    .   (no armour)
rPois    .         Spirit   +   (no armour)
rElec    .         Reflect  .   (no armour)
rCorr    +         Harm     .   (no armour)
MR       .....                  (no armour)
Stlth    +++.......             (no armour)
HPRegen  0.57/turn              (no armour)
MPRegen  0.18/turn              a - +1 dagger
                                (no amulet)
                                (no ring)
                                (no ring)

@: no status effects
A: fangs, regeneration 1, magic shield, antimagic bite, no potion heal, rot
immunity, cytoplasmic subsumption, amorphous body, gelatinous body 1
a: Subsume Item, Eject Item


You were on level 1 of the Dungeon.
You were hungry.

You visited 1 branch of the dungeon, and saw 2 of its levels.

You collected 34 gold pieces.

Inventory:

Weapons
 a - a +1 dagger (subsumed)
 f - a +0 short sword
Armour
 b - a +0 leather armour
Scrolls
 c - a scroll of magic mapping
 e - a scroll of summoning
 g - 4 scrolls of teleportation
 h - a scroll of bless item
 i - a scroll of enchantment
Miscellaneous
 j - a lamp of fire
Comestibles
 d - 3 rations


   Skills:
 + Level 1.8 Fighting
 - Level 2.3 Short Blades
 + Level 1.7 Armour
 + Level 3.6 Dodging
 - Level 4.3 Stealth
 + Level 1.4 Unarmed Combat
 - Level 1.0 Spellcasting
 - Level 2.0 Hexes


You had 5 spell levels left.
You knew the following spells:

 Your Spells              Type           Power        Failure   Level  Hunger
a - Magic Candle          Hex/Fire       2 (90)       22%         1    ##.....

Your spell library contained the following spells:

 Spells                   Type           Power        Failure   Level  Hunger
 Ensorcelled Hibernation  Hex/Ice        2 (50)       32%         2    ###....
 Confuse                  Hex            4 (100)      38%         3    ####...
 Tukima's Dance           Hex            4 (100)      38%         3    ####...
 Blinding Spray           Hex/Pois       2 (50)       54%         3    ####...
 Fulminant Prism          Hex            4 (200)      80%         4    #####..


Dungeon Overview and Level Annotations

Branches:
Dungeon (2/8)

Altars:


Innate Abilities, Weirdness & Mutations

You have razor-sharp fangs.
You heal very quickly.
When hurt, damage is shared between your health and your magic reserves.
Your bite disrupts and absorbs the magic of your enemies.
Potions cannot restore your health.
You are immune to rotting.
You may subsume any weapon, armour, or jewellery into your cytoplasm to benefit from its magical properties.
Your body is completely amorphous, allowing you to wear any combination of armour.
You have seven amorphous slots; replacing the normal gear slots.
Body armours and bardings take two slots, all other armours take one.
Your gelatinous form is immune to acid, constriction and sticky flames. (rCorr+, Slime)


Message History

You finish ejecting your +1 dagger.
You start subsuming your +0 leather armour.
You continue subsuming your +0 leather armour. x7
You finish subsuming your +0 leather armour.
Okay, then.
Wield which item (- for none, * to show all)? (? for menu, Esc to quit)
Okay, then.
Subsume which item? (? for menu, Esc to quit)
You start ejecting the +0 leather armour.
You continue ejecting the +0 leather armour from your cytoplasm. x3
You finish ejecting your +0 leather armour.
You start subsuming your +1 dagger.
You continue subsuming your +1 dagger. x3
You finish subsuming your +1 dagger.
There is a stone staircase leading down here.
You see here a sewer rat corpse.
Wield which item (- for none, * to show all)? (? for menu, Esc to quit)
Okay, then.
Wield which item (- for none, * to show all)? (? for menu, Esc to quit)
Okay, then.
Are you sure you want to abandon this character and quit the game? (Confirm with "yes".)

##.# ...# ##.###############
##### ## .#...............##
#...#####. .########.........#
#...'...#. .# #.........#
###...###+#. .########.........#
#........... .#............)≈≈≈#
#........... .#.....).......≈@†#
##.......†)). .#..............≈≈#
#........†...
##................###.........÷..
##....###....................÷..
#....'.#.......##.#............
#....#.##########.#.##########.
##'###.# #.#.#..........
#.###'##########.#.#..........
#.##...##........#.#..........


There were no monsters in sight!

Vanquished Creatures
  A bullfrog (D:2)
  2 giant cockroaches (D:1)
  2 sewer rats (D:1)
  A cinder newt (D:1)
  2 dart slugs (D:1)
  4 goblins (D:1)
  5 hobgoblins (D:1)
  4 kobolds (D:1)
  5 bats (D:1)
  7 rats (D:1)
33 creatures vanquished.

Vanquished Creatures (others)
  11 withered plants (D:2)
11 creatures vanquished.

Grand Total: 44 creatures vanquished

Notes
Turn   | Place    | Note
-------+----------+-------------------------------------------
     0 | D:1      | diana the Oozomorph Vine Stalker began the quest for the
                  | Orb.
     0 | D:1      | Reached XP level 1. HP: 7/7 MP: 4/4
   145 | D:1      | Reached XP level 2. HP: 12/12 MP: 5/5
   365 | D:1      | Reached skill level 1 in Fighting
   365 | D:1      | Reached skill level 1 in Armour
   365 | D:1      | Reached XP level 3. HP: 15/15 MP: 6/6
   911 | D:2      | Noticed a bullfrog
   924 | D:2      | Killed a bullfrog
   924 | D:2      | Reached skill level 1 in Unarmed Combat
   924 | D:2      | Gained mutation: You heal very quickly. [symbiont growth]
   924 | D:2      | Reached XP level 4. HP: 1/19 MP: 0/7
   995 | D:1      | Reached XP level 5. HP: 15/22 MP: 8/8
  1041 | D:1      | Quit the game

Levels and vault maps discovered:
D:1:      dpeg_arrival_snail, layout_basic, kennysheep_generic_room_6
D:2:      layout_sewer, regret_index_temple_of_mockery, sewer_frog_spiral,
          first_ration, grunt_decor_arrowhead, grunt_decor_one_mirror

Skill      XL: |  1  2  3 |
---------------+----------+-----
Fighting       | 1 |  1.8
Armour         | 1 |  1.7
Unarmed Combat | 1 |  1.4
Short Blades   | |  2.3
Dodging        | |  3.6
Stealth        | |  4.3
Spellcasting   | |  1.0
Hexes          | |  2.0

Action                   |  1- 3 |  4- 6 || total
-------------------------+-------+-------++-------
Melee: Dagger            |    27 |       ||    27
       Unarmed           |   128 |    92 ||   220
       Tailslap          |    28 |    10 ||    38
 Abil: Subsume Item      |     1 |     3 ||     4
       Eject Item        |       |     1 ||     1
 Stab: Sleeping          |    11 |       ||    11
Armor: Skin              |    16 |     3 ||    19
Dodge: Dodged            |    37 |    36 ||    73
